 Dungeon Crawl Stone Soup version 0.29.1-15-g9cfb28693d (webtiles) character file.

Game seed: 3859947340762925633

174 Calibrex the Shield-Bearer (level 5, -5/42 HPs)
             Began as a Formicid Fighter on Mar 25, 2023.
             Was a Believer of Uskayaw.
             Slain by a water moccasin (8 damage)
             ... on level 4 of the Dungeon.
             The game lasted 00:06:09 (2602 turns).

Calibrex the Shield-Bearer (Formicid Fighter)       Turns: 2602, Time: 00:06:09

Health: -5/42      AC: 10    Str: 23    XL:     5   Next: 84%
Magic:  5/5        EV:  8    Int:  7    God:    Uskayaw [**....]
Gold:   166        SH:  5    Dex: 13    Spells: 4/4 levels left

rFire   . . .      SeeInvis +   a - +0 trident
rCold   . . .      Faith    .   c - +0 buckler
rNeg    . . .      Spirit   .   h - +0 chain mail
rPois   .          Reflect  .   (helmet unavailable)
rElec   .          Harm     .   (no cloak)
rCorr   .          Rampage  .   g - +0 pair of gloves
Will    .....                   (no boots)
Stlth   ..........              (no amulet)
HPRegen 0.14/turn               (no ring)
MPRegen 0.09/turn               (no ring)

@: lethally poisoned (-5 -> -7)
A: permanent stasis, dig shafts and tunnels, antennae 3, four strong arms
a: Dig, Shaft Self, Renounce Religion, Stomp, Line Pass


You were on level 4 of the Dungeon.
You worshipped Uskayaw.
Uskayaw was noncommittal.
You visited 1 branch of the dungeon, and saw 4 of its levels.

You collected 166 gold pieces.

Inventory:

Hand Weapons
 a - a +0 trident (weapon)
 s - a +4 war axe of electrocution
Missiles
 m - 3 javelins
 q - 2 boomerangs of dispersal
Armour
 c - a +0 buckler (worn)
 g - a +0 pair of gloves (worn)
 h - a +0 chain mail (worn)
Jewellery
 j - a ring of ice
Scrolls
 b - a scroll of teleportation {unknown}
 e - a scroll of vulnerability {unknown}
 i - a scroll of magic mapping {unknown}
 k - 2 scrolls of identify
 n - a scroll of fear {unknown}
 o - a scroll of enchant armour {unknown}
 r - a scroll of noise {unknown}
Potions
 d - 2 potions of might
 f - 2 potions of flight
 l - a potion of heal wounds {unknown}
 p - a potion of curing {unknown}
 t - a potion of attraction {unknown}
 u - a potion of brilliance {unknown}


   Skills:
 + Level 4.1 Fighting
 + Level 3.8 Polearms
 + Level 4.2 Armour
 + Level 0.4 Dodging
 + Level 0.2 Stealth
 + Level 4.8 Shields


You had 4 spell levels left.
You didn't know any spells.
Your spell library contained the following spells:

 Spells                   Type           Power      Damage    Failure   Level
 Ignite Poison            Fire/Tmut/Pois 0%         N/A       100%        3
 Mephitic Cloud           Conj/Pois/Air  0%         N/A       100%        3
 Freezing Cloud           Conj/Ice/Air   0%         6-21      100%        5


Dungeon Overview and Level Annotations

Branches:
Dungeon (4/15)
 Temple: D:4-7

Altars:
Dithmenos
Uskayaw

Shops:
D:4 *


Innate Abilities, Weirdness & Mutations

You cannot be hasted, slowed, berserked, paralysed or teleported.
You can dig through walls and to a lower floor.
You have a pair of large antennae on your head. (SInv)
Your four strong arms can wield two-handed weapons with a shield.


Message History

You are poisoned.
The water moccasin poisons you! The water moccasin bites you.
You barely miss the water moccasin.
The water moccasin is moderately wounded.
You feel very sick.
The water moccasin bites you but does no damage.
You are too injured to fight recklessly!
You are too injured to fight recklessly!
You are too injured to fight recklessly!
You are too injured to fight recklessly!
You are too injured to fight recklessly!
You barely miss the water moccasin.
The water moccasin is moderately wounded.
You feel very sick. The water moccasin closely misses you.
The water moccasin bites you.
* * * LOW HITPOINT WARNING * * *
You puncture the water moccasin!
The water moccasin is heavily wounded.
* * * LOW HITPOINT WARNING * * *
You feel sick.
The water moccasin bites you but does no damage. x2
You can now pass through a line of other dancers.
You miss the water moccasin.
The water moccasin is heavily wounded.
* * * LOW HITPOINT WARNING * * *
You feel sick. You block the water moccasin's attack.
The water moccasin attacks as you move away!
The water moccasin bites you but does no damage.
You feel sick. You block the water moccasin's attack.
You closely miss the water moccasin.
The water moccasin is heavily wounded.
* * * LOW HITPOINT WARNING * * *
You feel sick.
The water moccasin completely misses you.
You hit the water moccasin.
The water moccasin is severely wounded.
You feel sick.
The water moccasin bites you but does no damage.
The water moccasin bites you!
You die...

#. .. ###. # ...
...###. ####..#
#....# #.....# ####
#....# #.....# #...
#....####.....# #.#.
#...@.........####.#.
####S..............#.
###.........)###....
.....................
####..........###.###
+.............<...
#....#####†######.
#....+...†......#.
#....#####.###....


You could see a water moccasin.

Vanquished Creatures
  Jessica (D:2)
  2 iguanas (D:4)
  2 adders (D:2)
  A worm (D:2)
  3 dart slugs
  An orc (D:3)
  3 endoplasms
  2 giant cockroaches (D:1)
  5 goblins
  6 hobgoblins
  6 jackals
  7 kobolds
  4 quokkas
  7 ball pythons
  5 bats
  3 frilled lizards
  10 rats
68 creatures vanquished.

Vanquished Creatures (others)
  2 demonic plants (D:2)
2 creatures vanquished.

Grand Total: 70 creatures vanquished

Notes
Turn   | Place    | Note
-------+----------+-------------------------------------------
     0 | D:1      | Calibrex the Formicid Fighter began the quest for the Orb.
     0 | D:1      | Reached XP level 1. HP: 18/18 MP: 1/1
   139 | D:1      | Reached XP level 2. HP: 23/24 MP: 2/2
   419 | D:1      | Reached XP level 3. HP: 30/30 MP: 3/3
   877 | D:2      | Noticed Jessica
   881 | D:2      | Killed Jessica
   882 | D:2      | Reached XP level 4. HP: 37/37 MP: 4/4
  1293 | D:2      | Found a faded altar of an unknown god.
  1740 | D:2      | Prayed at the altar of an unknown god.
  1740 | D:2      | Became a worshipper of Uskayaw the Reveller
  1740 | D:2      | Reached * piety under Uskayaw
  1798 | D:3      | Reached XP level 5. HP: 36/42 MP: 5/5
  1802 | D:3      | Reached ** piety under Uskayaw
  2263 | D:3      | Found a shadowy altar of Dithmenos.
  2350 | D:4      | Found Buptu's Gadget Gallery.
  2453 | D:4      | Reached *** piety under Uskayaw
  2588 | D:4      | Noticed a water moccasin
  2602 | D:4      | Slain by a water moccasin

Illustrated notes

Levels and vault maps discovered:
D:1:      heliophobic_arrival_battle_scene, layout_rooms, minmay_tetromino_i4
D:2:      layout_loops_ring, dreamdust_ecumenical_altar_sealed_demon,
          wander_ebering_terrifying_dragon_lair, uniq_jessica
D:3:      layout_basic, nicolae_overflow_hidden_temple
D:4:      layout_basic, minmay_temple_entry_from_below_b, minivault_24,
          nicolae_shop_gadgets

Skill      XL: |  1  2  3  4  5 |
---------------+----------------+-----
Polearms       | 3 |  3.8
Armour         | 4 |  4.2
Fighting       | 4 |  4.1
Dodging        | |  0.4
Stealth        | |  0.2
Shields        | |  4.8

Action                   |  1- 3 |  4- 6 || total
-------------------------+-------+-------++-------
Melee: Trident           |    79 |   151 ||   230
  Use: Scroll            |     2 |       ||     2
Armor: Scale mail        |    10 |       ||    10
       Chain mail        |    12 |    78 ||    90
Dodge: Dodged            |    21 |    37 ||    58
Block: Buckler           |    16 |    24 ||    40
